 Dungeon Crawl Stone Soup version 0.30.1-4-g462c640d31 (webtiles) character file.

Game seed: 7036566530417340141

380 Babbit the Chopper (level 6, 0/55 HPs)
             Began as a Minotaur Fighter on Aug 20, 2023.
             Killed from afar by an orc wizard (3 damage)
             ... with a magic dart
             ... on level 4 of the Dungeon.
             The game lasted 00:09:31 (2747 turns).

Babbit the Chopper (Minotaur Fighter)               Turns: 2747, Time: 00:09:31

Health: 0/55       AC:  7    Str: 23    XL:     6   Next: 46%
Magic:  5/5        EV: 10    Int:  5    God:
Gold:   115        SH:  0    Dex:  9    Spells: 5/5 levels left

rFire   . . .        a - +0 war axe
rCold   . . .        c - +1 buckler
rNeg    . . .        b - +0 scale mail
rPois   .            (helmet restricted)
rElec   .            (no cloak)
rCorr   .            (no gloves)
SInv    .            (no boots)
Will    .....        (no amulet) Stlth
                     m - ring of flight
HPRegen 0.29/turn    (no ring)
MPRegen 0.09/turn

%: no passive effects
@: confused, flying
A: horns 2, retaliatory headbutt
a: no special abilities


You were on level 4 of the Dungeon.
You visited 1 branch of the dungeon, and saw 4 of its levels.
You also visited: Sewer.

You collected 115 gold pieces.

Inventory:

Hand Weapons
 a - a +0 war axe (weapon)
Armour
 b - a +0 scale mail (worn)
 c - a +1 buckler (worn)
Jewellery
 m - a ring of flight (left hand)
Scrolls
 f - 3 scrolls of teleportation
 g - a scroll of identify
 j - a scroll of enchant armour
 k - a scroll of poison {unknown}
Potions
 d - 2 potions of flight
 e - 5 potions of curing
 h - 2 potions of ambrosia
 i - a potion of attraction


   Skills:
 + Level 4.8 Fighting
 + Level 5.8 Axes
 + Level 5.2 Armour
 + Level 1.4 Dodging
 + Level 4.4 Shields


You had 5 spell levels left.
You didn't know any spells.
Your spell library contained the following spells:

 Spells                   Type           Power      Damage    Failure   Level
 Magic Dart               Conj           0%         1d3       83%         1
 Call Imp                 Summ           0%         N/A       93%         2
 Mephitic Cloud           Conj/Pois/Air  0%         N/A       99%         3


Dungeon Overview and Level Annotations

Branches:
Dungeon (4/15)              Sewer (visited)
 Temple: D:4-7

Altars:


Innate Abilities, Weirdness & Mutations

You have a pair of horns on your head.
You reflexively headbutt those who attack you in melee.


Message History

You bump into the rock wall.
Something hits you but does no damage.
You hear some strange, mumbled words.
You are more confused.
You miss something. Your headbutt misses something. You barely miss something.
Something hits you. Something hits you but does no damage.
You completely miss something. x2; Something hits you but does no damage.
Something completely misses you.
You barely miss something. Your headbutt misses something. You slash something!
You hear some strange, mumbled words.
A puff of flame appears from out of thin air!
The puff of flame hits you!
* * * LOW HITPOINT WARNING * * *
Something completely misses you.
You bump into the rock wall.
An orc wizard appears from thin air!
Reactivating autopickup.
The orc wizard hits you with a +0 dagger.
* * * LOW HITPOINT WARNING * * *
Something hits you but does no damage.
Deactivating autopickup; reactivate with Ctrl-A.
You bump into the rock wall.
The orc wizard hits you with a +0 dagger.
* * * LOW HITPOINT WARNING * * *
Something hits you but does no damage.
The orc wizard attacks as you move away!
The orc wizard barely misses you. The orc wizard casts a spell at you.
The puff of flame misses you. Something hits you.
* * * LOW HITPOINT WARNING * * *
Something hits you but does no damage.
The orc wizard gestures at you while chanting.
The puff of flame hits something!
Reactivating autopickup.
You feel a bit more experienced. The orc wizard casts a spell at you.
The magic dart hits you.
* * * LOW HITPOINT WARNING * * *
You see here a quokka corpse.
The orc wizard casts a spell at you. The magic dart hits you.
You die...

#### #..##
#...## ###....#
#.#....#
##......#
#o@†....#
####<....###
###..#...#..#
#..........##
#.....##....#
#..##).........
#.. #..........
#. ...........
. ...........


You could see an orc wizard.

Vanquished Creatures
  2 kobold brigands (Sewer)
  2 orc priests (D:3)
  An orc wizard (D:3)
  2 adders
  3 river rats (Sewer)
  9 orcs
  4 ball pythons
  6 bats
  9 endoplasms
  2 giant cockroaches
  6 hobgoblins
  9 jackals
  9 kobolds
  4 quokkas
  3 frilled lizards
  6 goblins
  7 rats
84 creatures vanquished.

Vanquished Creatures (others)
  An orc wizard (D:4)
1 creature vanquished.

Grand Total: 85 creatures vanquished

Notes
Turn   | Place    | Note
-------+----------+-------------------------------------------
     0 | D:1      | Babbit the Minotaur Fighter began the quest for the Orb.
     0 | D:1      | Reached XP level 1. HP: 19/19 MP: 0/0
   230 | D:1      | Reached XP level 2. HP: 27/27 MP: 1/1
   331 | D:1      | You fall into a shaft and drop 1 floor!
  1073 | D:2      | Reached XP level 3. HP: 28/33 MP: 2/2
  1140 | D:2      | Identified the +5 dagger of Integrity {heavy, rPois rC++}
  1535 | D:3      | Reached XP level 4. HP: 40/40 MP: 3/3
  1578 | D:3      | Found a glowing drain.
  1591 | Sewer    | Entered a sewer
  1687 | Sewer    | Noticed a kobold brigand
  1692 | Sewer    | Noticed a kobold brigand
  1702 | Sewer    | Killed a kobold brigand
  1702 | Sewer    | Killed a kobold brigand
  1703 | Sewer    | Reached skill level 5 in Axes
  1703 | Sewer    | Reached skill level 1 in Dodging
  1703 | Sewer    | Reached XP level 5. HP: 15/47 MP: 4/4
  1871 | Sewer    | Found a glowing silver altar of Zin.
  2022 | D:3      | Reached XP level 6. HP: 53/53 MP: 5/5
  2558 | D:3      | Reached skill level 5 in Armour
  2747 | D:4      | Killed from afar by an orc wizard

Illustrated notes

Levels and vault maps discovered:
D:1:      psy_arrival_statuary, layout_basic, minmay_misc_feat_pillars,
          hex_tiny, chequers_serial_rivers_marsh
D:2:      layout_basic
D:3:      layout_basic, portal_sewer_entry_a
D:4:      layout_cave_pools, serial_shops, shop

Skill      XL: |  1  2  3  4  5  6 |
---------------+-------------------+-----
Shields        | 4 |  4.4
Armour         | 4 5 |  5.2
Fighting       | 4 |  4.8
Axes           | 3 5 |  5.8
Dodging        | 1 |  1.4

Action                     |  1- 3 |  4- 6 || total
---------------------------+-------+-------++-------
  Melee: War axe           |    82 |   101 ||   183
         Headbutt          |    12 |    10 ||    22
    Use: Potion            |       |     3 ||     3
         Scroll            |       |     5 ||     5
 Armour: Scale mail        |    41 |    67 ||   108
  Dodge: Dodged            |    45 |    49 ||    94
  Block: Buckler           |    21 |    29 ||    50
